 Dungeon Crawl Stone Soup version 0.18.1-47-g9310371 (webtiles) character file.

9356 sveltemanboy the Basher (level 11, -1/130 HPs)
             Began as an Ogre Hunter on June 18, 2016.
             Was an Elder of Okawaru.
             Slain by a komodo dragon (16 damage)
             ... on level 1 of the Lair of Beasts.
             The game lasted 00:43:20 (12560 turns).

sveltemanboy the Basher (Ogre Hunter)              Turns: 12560, Time: 00:43:21

Health: -1/130     AC: 13    Str: 18 (20) XL:     11   Next: 45%
Magic:  14/14      EV: 13    Int:  8 (10) God:    Okawaru [****..]
Gold:   505        SH:  2    Dex:  8 (10) Spells: 1 memorised, 11 levels left

rFire  . . .     SeeInvis .     B - +1 flail (protect)
rCold  + . .     Gourm    .     I - +2 robe
rNeg   . . .     Faith    .     (no shield)
rPois  .         Spirit   .     (helmet restricted)
rElec  .         Dismiss  +     y - +1 cloak
rCorr  +         Reflect  .     (gloves unavailable)
SustAt .         Harm     .     (boots unavailable)
MR     ++...                    L - amulet of dismissal
Stlth  +++.......               m - ring of protection from cold
                                T - ring of Tutepri {rCorr *Corrode MR+ Dex+2}

@: about to teleport, heroism, very resistant to hostile enchantments, fairly
stealthy
A: unfitting armour, talons 1, large bone plates 1, camouflage 1, clumsy 1,
deformed body, robust 1, tough skin 1, weak 1, subdued magic 1
a: Heroism, Renounce Religion


You were on level 1 of the Lair of Beasts.
You worshipped Okawaru.
Okawaru was greatly pleased with you.
You were very hungry.

You visited 2 branches of the dungeon, and saw 12 of its levels.
You also visited: Ice Cave.

You collected 505 gold pieces.

Inventory:

Hand Weapons
 B - a +1 flail of protection (weapon)
 H - a +0 giant spiked club of freezing
Missiles
 j - 345 stones (quivered)
Armour
 y - a +1 cloak (worn)
 I - a +2 robe (worn)
Jewellery
 i - an uncursed ring of resist corrosion
 m - a ring of protection from cold (right hand)
 L - an amulet of dismissal (around neck)
 T - the ring of Tutepri (left hand) {rCorr *Corrode MR+ Dex+2}
   (You found it on level 10 of the Dungeon)

   [ring of resist corrosion]

   It affects your dexterity (+2).
   It affects your resistance to hostile enchantments.
   It may corrode you when you take damage.
Wands
 z - a wand of teleportation (0/9)
 J - a wand of heal wounds (0/9)
Scrolls
 g - 2 scrolls of recharging
 h - 2 scrolls of amnesia {unknown}
 l - 4 scrolls of fog
 r - 11 scrolls of identify
 s - 9 scrolls of remove curse
 C - a scroll of noise {unknown}
 D - a scroll of immolation {unknown}
 E - 3 scrolls of blinking
 F - 3 scrolls of enchant armour {unknown}
 N - a scroll of enchant weapon {unknown}
 R - a scroll of fear {unknown}
Potions
 a - a potion of might {unknown}
 c - a potion of degeneration
 n - 2 potions of haste
 p - 2 potions of agility {unknown}
 q - a potion of mutation {unknown}
 v - 2 potions of brilliance {unknown}
 x - a potion of magic {unknown}
 M - a potion of ambrosia {unknown}
 O - 2 potions of heal wounds {unknown}
 S - a potion of cancellation
Books
 d - a book of Geomancy

   Spells                             Type                      Level
   a - Sandblast                      Earth                        1
   b - Passwall                       Transmutation/Earth          2
   c - Stone Arrow                    Conjuration/Earth            3
   d - Petrify                        Transmutation/Earth          4
   e - Lee's Rapid Deconstruction     Earth                        5
 K - a book of Unlife

   Spells                             Type                      Level
   a - Recall                         Summoning/Translocation      3
   b - Animate Dead                   Necromancy                   4
   c - Control Undead                 Necromancy                   4
   d - Cigotuvi's Embrace             Necromancy                   5
   e - Death Channel                  Necromancy                   6
   f - Simulacrum                     Ice/Necromancy               6
Comestibles
 f - 13 bread rations
 o - 4 meat rations
 t - 10 fruits
 u - 3 beef jerkies
 A - 8 slices of pizza


   Skills:
 + Level 10.9(15.9) Fighting
 * Level 14.4(19.4) Maces & Flails
 - Level 4.0(9.0) Throwing
 + Level 2.2(7.2) Armour
 + Level 7.5(12.5) Dodging
 - Level 0.7(5.7) Stealth
 - Level 1.0 Spellcasting
 - Level 2.0 Necromancy
 - Level 5.1 Invocations


You had 11 spell levels left.
You knew the following spells:

 Your Spells              Type           Power        Failure   Level  Hunger
a - Animate Skeleton      Necr           N/A          17%         1    ##.....


Dungeon Overview and Level Annotations

Branches:
Dungeon (11/15)            Temple (0/1) D:6            Lair (1/8) D:9
    Orc (0/2) D:10

Altars:
Ashenzari
Elyvilon
Gozag
Kikubaaqudgha
Makhleb
Nemelex Xobeh
Okawaru
Qazlal
Ru
Sif Muna
Vehumet
Zin
The Shining One

Shops:
D:7 [   D:9 }

Portals:
Volcano: Lair:1


Innate Abilities, Weirdness & Mutations

You are too large for most types of armour.
You have tough skin (AC +1).
You have sharp toenails.
You are partially covered in large bone plates (AC +2, SH +2).
Your skin changes colour to match your surroundings (Stealth).
You are clumsy. (Dex -2)
Armour fits poorly on your strangely shaped body.
You are robust (+10% HP).
You are weak. (Str -2)
Your spells are a little easier to cast, but a little less powerful.


Message History

You feel strangely unstable.
It was a scroll of teleportation.
The komodo dragon completely misses you.
Read which item? (? for menu, Esc to quit)
As you read the scroll labeled YNOPRU ASHUEGI, it crumbles to dust.
It is a scroll of brand weapon.
Brand which weapon? (? for menu, Esc to quit)
Your giant spiked club is covered with a thin layer of ice!
H - a giant spiked club of freezing The komodo dragon bites you!!
* * * LOW HITPOINT WARNING * * *
Evoke which item? (* to show all) (? for menu, Esc to quit)
Zapping:
J - a wand of heal wounds {zapped: 4} (will waste charges)
Press: ? - help, Shift-Dir - straight line, f - you Nothing appears to happen.
The komodo dragon misses you.
You sock the komodo dragon!
The komodo dragon is moderately wounded.
You hit the komodo dragon.
The komodo dragon is heavily wounded.
The komodo dragon bites you!
You die...

.......#...###∩###.5.....# ...
.......#...#§§.≈≈#......##..⌠.
.......#...#≈≈.≈≈#............
.......#...#≈≈.≈≈#...5........
#...##≈.≈##...5..#....
##...#...#####.##.#.#.
#.......# #.l###...
##.....####..........
#######@#........#...
##l##.......# .y
#.y5.y.......# .
........#.......#.
..####.###.###### #.. #.# ...
.. .... ... ...... ....


You could see a komodo dragon, a vampire mosquito and a white imp.

Vanquished Creatures
  A deep elf mage (D:6)
  An elephant (D:9)
  A spiny frog (Lair:1)
  2 wyverns
  Eustachio (D:5)
  A human (D:7)
  3 hippogriffs
  2 vampire mosquitoes (Lair:1)
  2 hungry ghosts (D:9)
  An insubstantial wisp (Lair:1)
  A soldier ant (D:10)
  Duvessa (D:5)
  A black bear (D:9)
  An orc warrior (D:7)
  An ice beast (D:11)
  A phantom (D:6)
  2 sky beasts
  A necrophage (D:9)
  8 ogres
  5 centaurs
  2 big kobolds
  A crocodile (D:9)
  2 giant frogs
  Dowan (D:5)
  2 scorpions
  An elephant simulacrum (IceCv)
  21 killer bees
  11 wights
  3 crimson imps
  A giant frog zombie (D:7)
  A wasp zombie (D:9)
  6 hounds
  8 orc wizards
  8 orc priests
  A centaur skeleton (D:6)
  4 giant frog skeletons
  Crazy Yiuf (D:3)
  Terence (D:3)
  Natasha (D:2)
  6 worker ants
  A polar bear simulacrum (IceCv)
  4 sheep (D:7)
  2 wolf simulacra (IceCv)
  A hound zombie (D:6)
  A hound skeleton (D:8)
  7 gnolls
  12 adders
  3 shadow imps
  7 white imps (Lair:1)
  An ooze (D:2)
  An adder zombie (D:5)
  An adder skeleton (D:5)
  A worm (D:3)
  4 dart slugs
  3 giant geckos
  21 orcs
  2 ball pythons (D:3)
  2 giant cockroaches (D:5)
  4 goblins
  12 hobgoblins
  22 jackals
  12 kobolds
  4 quokkas
  A ball python zombie (D:5)
  6 bats
  6 giant newts
  A quokka skeleton (D:4)
  5 rats
266 creatures vanquished.

Vanquished Creatures (collateral kills)
  The ghost of PeterLawrence the Basher, a novice MiFi of Okawaru (D:9)
  A gargoyle (D:10)
  A komodo dragon (D:10)
  A yak (D:9)
  A sky beast (D:9)
  An ogre (D:8)
  A giant frog (D:8)
  A white imp (Lair:1)
  An orc (D:10)
  A kobold (D:10)
10 creatures vanquished.

Vanquished Creatures (others)
  A fungus (Lair:1)
1 creature vanquished.

Grand Total: 277 creatures vanquished

Notes
Turn   | Place    | Note
--------------------------------------------------------------
     0 | D:1      | sveltemanboy the Ogre Hunter began the quest for the Orb.
     0 | D:1      | Reached XP level 1. HP: 22/22 MP: 1/1
   219 | D:1      | Reached XP level 2. HP: 29/29 MP: 2/2
   242 | D:1      | Reached skill level 1 in Maces & Flails
   780 | D:2      | Noticed Natasha
   822 | D:2      | Reached XP level 3. HP: 37/37 MP: 3/3
   899 | D:2      | Reached skill level 2 in Maces & Flails
  1014 | D:2      | Reached skill level 1 in Armour
  1552 | D:2      | Reached XP level 4. HP: 45/45 MP: 4/4
  1654 | D:2      | Killed Natasha
  1654 | D:2      | Reached skill level 3 in Maces & Flails
  2103 | D:3      | Reached XP level 5. HP: 43/53 MP: 1/5
  2352 | D:3      | Noticed a hippogriff
  2354 | D:3      | Killed a hippogriff
  2354 | D:3      | Reached skill level 4 in Maces & Flails
  2354 | D:3      | Reached XP level 6. HP: 62/62 MP: 6/6
  2421 | D:3      | Reached skill level 5 in Maces & Flails
  3108 | D:3      | Noticed Terence
  3114 | D:3      | Reached XP level 7. HP: 55/71 MP: 7/7
  3118 | D:3      | Killed Terence
  3118 | D:3      | Reached skill level 5 in Fighting
  3335 | D:3      | Noticed Crazy Yiuf
  3339 | D:3      | Killed Crazy Yiuf
  3339 | D:3      | Reached skill level 6 in Maces & Flails
  4369 | D:5      | Entered Level 5 of the Dungeon
  4451 | D:5      | Noticed Eustachio
  4455 | D:5      | Killed Eustachio
  4472 | D:5      | Found an ancient bone altar of Kikubaaqudgha.
  4479 | D:5      | Noticed Dowan
  4482 | D:5      | Noticed Duvessa
  4485 | D:5      | Killed Dowan
  4485 | D:5      | Reached skill level 7 in Maces & Flails
  4498 | D:5      | Killed Duvessa
  4498 | D:5      | Reached XP level 8. HP: 61/83 MP: 6/8
  4796 | D:5      | Reached skill level 8 in Maces & Flails
  4843 | D:5      | Found a glowing golden altar of the Shining One.
  4843 | D:5      | Found a sacrificial altar of Ru.
  4843 | D:5      | Found a shattered altar of Ashenzari.
  4843 | D:5      | Found an iron altar of Okawaru.
  4865 | D:5      | Found a deep blue altar of Sif Muna.
  4867 | D:5      | Became a worshipper of Warmaster Okawaru
  4870 | D:5      | Found an opulent altar of Gozag.
  4955 | D:5      | Found a stormy altar of Qazlal.
  4955 | D:5      | Found a radiant altar of Vehumet.
  4956 | D:5      | Found a sparkling altar of Nemelex Xobeh.
  5127 | D:5      | Reached skill level 1 in Invocations
  5130 | D:5      | Found a white marble altar of Elyvilon.
  5284 | D:5      | Reached skill level 9 in Maces & Flails
  5716 | D:6      | Reached * piety under Okawaru
  5851 | D:6      | Reached XP level 9. HP: 84/93 MP: 10/10
  5857 | D:6      | Reached skill level 5 in Dodging
  6011 | D:6      | Found a staircase to the Ecumenical Temple.
  6054 | D:6      | Learned a level 1 spell: Animate Skeleton
  6169 | D:6      | Found a burning altar of Makhleb.
  6171 | D:6      | Noticed a cacodemon
  6173 | D:6      | Found a glowing silver altar of Zin.
  6174 | D:6      | Noticed an angel
  6271 | D:6      | Reached skill level 10 in Maces & Flails
  6271 | D:6      | Reached skill level 1 in Spellcasting
  6367 | D:6      | Noticed a deep elf mage
  6378 | D:6      | Killed a deep elf mage
  6553 | D:7      | Reached skill level 1 in Necromancy
  6713 | D:7      | Reached ** piety under Okawaru
  6738 | D:7      | Reached skill level 11 in Maces & Flails
  6990 | D:7      | Gained mutation: You are weak. (Str -2) [mutagenic meat]
  6991 | D:7      | Gained mutation: Armour fits poorly on your strangely shaped body. [mutagenic meat]
  6993 | D:7      | Gained mutation: You have supernaturally acute eyesight. [mutagenic meat]
  6994 | D:7      | Gained mutation: You are partially covered in large bone plates (AC +2, SH +2). [mutagenic meat]
  6995 | D:7      | Lost mutation: You have supernaturally acute eyesight. [mutagenic meat]
  7006 | D:7      | Found Vuqil's Armour Shoppe.
  7459 | D:7      | Reached XP level 10. HP: 95/106 MP: 10/12
  8017 | D:8      | Reached *** piety under Okawaru
  8164 | D:8      | Reached skill level 12 in Maces & Flails
  8718 | D:9      | Found Yhe Qitt's Gadget Shoppe.
  8765 | D:9      | Found a staircase to the Lair.
  8765 | D:9      | Noticed an elephant
  8780 | D:9      | Killed an elephant
  9238 | D:9      | Reached **** piety under Okawaru
  9243 | D:9      | Gained mutation: Your spells are a little easier to cast, but a little less powerful. [mutagenic meat]
  9244 | D:9      | Gained mutation: You are partially covered in rough black scales (AC +4, Dex -1). [mutagenic meat]
  9245 | D:9      | Gained mutation: You have sharp toenails. [mutagenic meat]
  9246 | D:9      | Gained mutation: Your skin changes colour to match your surroundings (Stealth). [mutagenic meat]
  9247 | D:9      | Gained mutation: You are very weak. (Str -4) [mutagenic meat]
  9248 | D:9      | Gained mutation: You are clumsy. (Dex -2) [mutagenic meat]
  9250 | D:9      | Noticed PeterLawrence's ghost (novice MiFi)
  9259 | D:9      | Killed PeterLawrence's ghost
  9259 | D:9      | Received a gift from Okawaru
  9259 | D:9      | Reached skill level 10 in Fighting
  9259 | D:9      | Reached skill level 13 in Maces & Flails
  9274 | D:9      | Reached skill level 5 in Invocations
  9309 | D:9      | Reached XP level 11. HP: 70/117 MP: 11/14
 10085 | D:10     | Entered Level 10 of the Dungeon
 10111 | D:10     | Found a staircase to the Orcish Mines.
 11087 | D:10     | Gained mutation: You are robust (+10% HP). [mutagenic meat]
 11089 | D:10     | Lost mutation: You are very weak. (Str -4) [mutagenic meat]
 11090 | D:10     | Lost mutation: You are partially covered in rough black scales (AC +4, Dex -1). [mutagenic meat]
 11250 | D:10     | Reached skill level 14 in Maces & Flails
 11342 | D:10     | Got a flickering wooden ring
 11506 | D:10     | Identified the ring of Tutepri {rCorr *Corrode MR+ Dex+2} (You found it on level 10 of the Dungeon)
 11583 | D:11     | Noticed a skeletal warrior
 11589 | D:11     | Noticed a skeletal warrior
 11813 | D:11     | Noticed a green ugly thing
 11876 | D:11     | Noticed a phantasmal warrior
 11883 | D:11     | Noticed a skeletal warrior
 12073 | Lair:1   | Entered Level 1 of the Lair of Beasts
 12095 | Lair:1   | Found a frozen archway.
 12099 | IceCv    | Entered an ice cave
 12164 | IceCv    | Noticed Aquadorian's ghost (journeyman DsMo)
 12207 | Lair:1   | Found a dark tunnel.
 12481 | Lair:1   | Received a gift from Okawaru
 12554 | Lair:1   | HP: 1/130 [komodo dragon (26)]
 12560 | Lair:1   | Slain by a komodo dragon

Skill      XL: |  1  2  3  4  5  6  7  8  9 10 11 |
---------------+----------------------------------+-----
Dodging        | 2 3 4 5 6 7 |  7.5
Maces & Flails | 1 2 3 4 5 7 9 11 13 14 | 14.4
Fighting       | 3 4 6 7 8 10 | 10.9
Armour         | 1 2 |  2.2
Invocations    | 2 3 5 |  5.1
Spellcasting   | 1 |  1.0
Necromancy     | 2 |  2.0
Throwing       | |  4.0
Stealth        | |  0.7

Action                   |  1- 3 |  4- 6 |  7- 9 | 10-12 || total
-------------------------+-------+-------+-------+-------++-------
Melee: Unarmed           |    16 |       |       |       ||    16
       Club              |     5 |       |       |       ||     5
       Mace              |    58 |    40 |       |       ||    98
       Flail             |       |    58 |   276 |   478 ||   812
       Kick              |       |       |       |    55 ||    55
       Punch             |       |       |       |     2 ||     2
Throw: Stone             |    76 |    50 |    45 |    13 ||   184
       Large rock        |     3 |     5 |    43 |    51 ||   102
       Javelin           |       |    25 |    29 |    15 ||    69
       Tomahawk          |       |     4 |    14 |    10 ||    28
       Throwing net      |       |       |     2 |       ||     2
 Cast: Animate Skeleton  |       |       |     6 |    34 ||    40
Invok: Heroism           |       |       |     2 |     7 ||     9
Evoke: Wand              |       |       |       |     7 ||     7
  Use: Potion            |       |       |     1 |     4 ||     5
       Scroll            |       |       |     2 |     7 ||     9
 Stab: Distracted        |     1 |       |     1 |     2 ||     4
       Sleeping          |       |     2 |       |       ||     2
  Eat: Chunk             |     2 |     5 |    20 |    28 ||    55
       Royal jelly       |       |       |       |     1 ||     1
Armor: Robe              |    35 |    20 |    99 |   208 ||   362
       Skin              |       |       |     6 |    29 ||    35
Dodge: Dodged            |    53 |    55 |   119 |   330 ||   557
Block: Other             |       |       |       |    44 ||    44
